 Dungeon Crawl Stone Soup version 0.26-a0-682-g294304f6e8 (webtiles) character file.

Game seed: 3522939036618713266

(classic levelgen) 184 EnegeticOcto the Digger (level 5, 0/31 HPs)
             Began as a Halfling Earth Elementalist on Oct 20, 2020.
             Succumbed to a worker ant's poison
             ... on level 4 of the Dungeon.
             The game lasted 00:04:38 (792 turns).

EnegeticOcto the Digger (HaEE)                       Turns: 792, Time: 00:04:39

Health: 0/31       AC:  2    Str:  9    XL:     5   Next: 95%
Magic:  1/7        EV: 15    Int: 14    God:
Gold:   24         SH:  0    Dex: 15    Spells: 1/7 levels left

rFire    . . .     SeeInvis .   d - +0 mace
rCold    . . .     Faith    .   (shield restricted)
rNeg     . . .     Spirit   .   c - +0 robe
rPois    .         Reflect  .   (no helmet)
rElec    .         Harm     .   (no cloak)
rCorr    .         Rampage  .   (no gloves)
MR       .....                  (no boots)
Stlth    ++........             (no amulet)
HPRegen  0.10/turn              (no ring)
MPRegen  0.10/turn              (no ring)

@: lethally poisoned (0 -> -4)
A: small, mutation resistance 1
a: no special abilities


You were on level 4 of the Dungeon.
You visited 1 branch of the dungeon, and saw 5 of its levels.

You collected 24 gold pieces.

Inventory:

Hand Weapons
 d - a +0 mace (weapon)
Missiles
 b - 83 stones (quivered)
Armour
 c - a +0 robe (worn)
Scrolls
 a - a scroll of noise
 e - a scroll of immolation {unknown}
 g - a scroll of remove curse {@r2}
 h - a scroll of enchant armour {unknown}
 i - a scroll of fog {unknown}
 j - a scroll of identify {@r1}
Potions
 f - 3 potions of lignification {@q6}
 k - 2 potions of might {@q3 !q}


   Skills:
 - Level 2.1 Dodging
 - Level 2.1 Stealth
 - Level 1.5 Spellcasting
 - Level 0.5 Transmutations
 + Level 6.1 Earth Magic


You had one spell level left.
You knew the following spells:

 Your Spells              Type           Power        Failure   Level
a - Sandblast             Erth           ###...       1%          1
b - Stone Arrow           Conj/Erth      #.....       22%         3
p - Passwall              Tmut/Erth      ##......     10%         2

Your spell library contained the following spells:

 Spells                   Type           Power        Failure   Level
 Lee's Rapid Deconstruct  Erth           ###.......   50%         5
 Petrify                  Tmut/Erth      ##......     54%         4


Dungeon Overview and Level Annotations

Branches:
Dungeon (5/15)
 Temple: D:4-7

Altars:
Okawaru


Innate Abilities, Weirdness & Mutations

You are small and have problems with some larger weapons.
You are somewhat resistant to further mutation.


Message History

Press: ? - help, Shift-Dir - straight line, f/p - hobgoblin
Aim: a hobgoblin, wearing a cursed +0 ring mail The blast of sand hits the hobgoblin.
The hobgoblin is moderately wounded.
b - 78 stones The hobgoblin misses you.
You see here a dart slug corpse.
Casting: Sandblast (safe; 2% risk of failure)
Confirm with . or Enter, or press ? or * to list all spells.
Aiming: Sandblast (safe; 2% risk of failure)
Press: ? - help, Shift-Dir - straight line, f/p - hobgoblin
Aim: a hobgoblin, wearing a cursed +0 ring mail The blast of sand hits the hobgoblin.
The hobgoblin is almost dead.
b - 77 stones The hobgoblin misses you.
You hit the hobgoblin.
You kill the hobgoblin!
There is a stone staircase leading up here.
h - a scroll of identify {@r1} You see here a cursed +0 ring mail.
There is a stone staircase leading up here.
As you read the scroll of identify {@r1}, it crumbles to dust.
a - a scroll of noise You climb upwards.
Found a scroll labeled UTOL OMEEG.
There is a stone staircase leading down here.
h - a scroll labeled UTOL OMEEG
(D) Dungeon
Where to? (Enter - D:4, ? - help)
There is a stone staircase leading down here.
You climb downwards.
There is a stone staircase leading up here.
(D) Dungeon
Where to? (Enter - D:3, ? - help)
There is a stone staircase leading down here.
You climb downwards.
There is a stone staircase leading up here.
Things that are here:
a -3 short sword; a +0 club
Found 11 stones.
A worker ant comes into view.
Found a scroll of identify.
b - 88 stones (gained 11)
A worker ant comes into view.
You see here a scroll of identify {@r1}.
Casting: Sandblast (safe; 2% risk of failure)
Confirm with . or Enter, or press ? or * to list all spells.
Aiming: Sandblast (safe; 2% risk of failure)
Press: ? - help, Shift-Dir - straight line, f - worker ant
Aim: a worker ant (asleep)
The blast of sand hits the worker ant.
The worker ant is moderately wounded.
b - 87 stones
Casting: Sandblast (safe; 2% risk of failure)
Confirm with . or Enter, or press ? or * to list all spells.
Aiming: Sandblast (safe; 2% risk of failure)
Press: ? - help, Shift-Dir - straight line, f/p - worker ant
Aim: a worker ant (moderately wounded)
The blast of sand hits the worker ant!
The worker ant is almost dead.
b - 86 stones
Casting: Sandblast (safe; 2% risk of failure)
Confirm with . or Enter, or press ? or * to list all spells.
Aiming: Sandblast (safe; 2% risk of failure)
Press: ? - help, Shift-Dir - straight line, f/p - worker ant
Aim: a worker ant (almost dead)
The blast of sand misses the worker ant.
b - 85 stones The worker ant misses you.
Casting: Sandblast (safe; 2% risk of failure)
Confirm with . or Enter, or press ? or * to list all spells.
Aiming: Sandblast (safe; 2% risk of failure)
Press: ? - help, Shift-Dir - straight line, f/p - worker ant
Aim: a worker ant (almost dead)
The blast of sand hits the worker ant but does no damage.
The worker ant is almost dead.
b - 84 stones The worker ant completely misses you.
The worker ant bites you!
* * * LOW HITPOINT WARNING * * *
You are lethally poisoned!
The worker ant poisons you!
Casting: Sandblast (safe; 2% risk of failure)
Confirm with . or Enter, or press ? or * to list all spells.
Aiming: Sandblast (safe; 2% risk of failure)
Press: ? - help, Shift-Dir - straight line, f/p - worker ant
Aim: a worker ant (almost dead)
The blast of sand hits the worker ant.
You kill the worker ant!
Your Earth Magic skill increases to level 6!
b - 83 stones
* * * LOW HITPOINT WARNING * * *
You feel sick.
Okay, then.
j - a scroll of identify {@r1}
* * * LOW HITPOINT WARNING * * *
You feel sick.
* * * LOW HITPOINT WARNING * * *
You feel sick.
You die...

#.# #.# #.# #.#
##†#########
#####..........####
#...........).....+
#........<......##.....
#.............@.# ⌠.B
#......##.#####.# .
#......##.# #.#
######.##.# #.#
#.##.#####.#
#.##.#..†..#
#.##.#.##### #.# .# #..


There were no monsters in sight!

Vanquished Creatures
  A jelly (D:5)
  3 worker ants (D:4)
  3 adders
  An ooze (D:1)
  2 dart slugs (D:3)
  3 bats
  2 giant cockroaches (D:1)
  5 goblins
  3 hobgoblins
  9 jackals
  4 kobolds
  4 frilled lizards
  7 rats
47 creatures vanquished.

Notes
Turn   | Place    | Note
-------+----------+-------------------------------------------
     0 | D:1      | EnegeticOcto the Halfling Earth Elementalist began the
                  | quest for the Orb.
     0 | D:1      | Reached XP level 1. HP: 11/11 MP: 3/3
    88 | D:1      | Reached XP level 2. HP: 11/17 MP: 2/4
   267 | D:1      | Reached skill level 4 in Earth Magic
   267 | D:1      | Reached XP level 3. HP: 10/21 MP: 5/5
   448 | D:3      | Noticed a sky beast
   456 | D:3      | Reached XP level 4. HP: 12/27 MP: 4/6
   530 | D:5      | Entered Level 5 of the Dungeon
   535 | D:5      | Reached skill level 5 in Earth Magic
   570 | D:4      | Reached XP level 5. HP: 19/31 MP: 0/7
   577 | D:4      | Learned a level 2 spell: Passwall
   581 | D:4      | Learned a level 3 spell: Stone Arrow
   692 | D:3      | Found an iron altar of Okawaru.
   786 | D:4      | Reached skill level 6 in Earth Magic
   787 | D:4      | HP: 1/31 [poisoned by a worker ant]
   792 | D:4      | Succumbed to a worker ant's poison

Illustrated notes

Levels and vault maps discovered:
D:1:      lordsloth_arrival_two_stooges, layout_loops_ring
D:2:      layout_loops_cross
D:3:      minmay_chambers_of_twos, layout_basic, okawaru_gym_becter,
          serial_bayou_pond_a, minmay_misc_feat_roman, fountainhead
D:4:      layout_basic, minmay_temple_entry_junction, serial_shops,
          nicolae_shop_trees, fountainhead, st_stairs_6
D:5:      layout_cave_pods, serial_bayou_lake_a

Skill      XL: |  1  2  3  4  5 |
---------------+----------------+-----
Earth Magic    | 4 5 6 |  6.1
Dodging        | |  2.1
Stealth        | |  2.1
Spellcasting   | |  1.5
Transmutations | |  0.5

Action                   |  1- 3 |  4- 6 || total
-------------------------+-------+-------++-------
Melee: Club              |    18 |       ||    18
       Mace              |    28 |    35 ||    63
 Cast: Sandblast         |    18 |    37 ||    55
  Use: Scroll            |       |     4 ||     4
       Potion            |       |     1 ||     1
 Stab: Sleeping          |     1 |       ||     1
Armor: Robe              |    17 |    11 ||    28
Dodge: Dodged            |    67 |    80 ||   147

Table legend: (Time is in decaauts)
 A = Elapsed time spent in this place.
 B = Non-inter-level travel time spent in this place.
 C = Inter-level travel time spent in this place.
 D = Time resting spent in this place.
 E = Time spent auto-exploring this place.
 F = Levels seen in this place.
 G = Mean time per level.
                   A        B        C        D        E       F      G
               +--------+--------+--------+--------+--------+-----+--------+
         Total |    824 |    802 |     22 |      0 |      0 |   5 |  164.8 |
       Dungeon |    824 |    802 |     22 |      0 |      0 |   5 |  164.8 |
               +--------+--------+--------+--------+--------+-----+--------+

Top non-repeatable levels by time:
     D:1: 302 daAuts
     D:3: 249 daAuts
     D:4: 172 daAuts
     D:2: 69 daAuts
     D:5: 30 daAuts
